 Dungeon Crawl Stone Soup version 0.31-a0-986-g5e6e4ef867 (webtiles) character file.

Game seed: 15938727689406233794

21671 Zonian the Thaumaturge (level 12, 0/59 HPs)
             Began as a Deep Elf Earth Elementalist on Nov 25, 2023.
             Was an Elder of Vehumet.
             Slain by a flying skull (8 damage)
             ... in a Gauntlet.
             The game lasted 00:58:38 (19188 turns).

Zonian the Thaumaturge (DEEE)                      Turns: 19188, Time: 00:58:39

Health: 0/59       AC: 11    Str:  5    XL:     12   Next: 56%
Magic:  5/40       EV: 19    Int: 35    God:    Vehumet [****..]
Gold:   207        SH:  0    Dex: 15    Spells: 17/37 levels left

rFire   . . .        u - +6 short sword (venom) {short}
rCold   . . .        (no shield)
rNeg    . . .        N - +4 steam dragon scales
rPois   .            Y - +0 helmet {Int+3}
rElec   .            (no cloak)
rCorr   .            w - +0 pair of gloves
SInv    .            (no boots)
Will    +....        (no amulet)
Stlth   ++++         q - ring "Nigugh" {EV+5 Int+3 Stlth+}
HPRegen 0.29/turn    Z - ring of Dishonour {MP+9 Int+3 Slay-4}
MPRegen 0.27/turn

%: no teleportation
@: brilliant, hasted, very quick
A: no striking features
a: Renounce Religion


You were in a Gauntlet.
You worshipped Vehumet.
Vehumet was greatly pleased with you.
You visited 3 branches of the dungeon, and saw 15 of its levels.
You also visited: Sewer and Gauntlet.

You collected 571 gold pieces.
You spent 364 gold pieces at shops.


   Skills:
 + Level 5.8 Dodging
 + Level 6.2 Stealth
 + Level 13.3 Spellcasting
 + Level 12.1 Conjurations
 - Level 1.1 Transmutations
 + Level 6.4 Ice Magic
 + Level 4.1 Air Magic
 + Level 13.1 Earth Magic


You had 17 spell levels left.
You knew the following spells:

 Your Spells              Type           Power      Damage    Failure   Level
a - Sandblast             Erth           100%       2d20      0%          1
b - Stone Arrow           Conj/Erth      100%       3d13      1%          3
c - Brom's Barrelling Bo  Conj/Erth      100%       2d11      1%          4
d - Magic Dart            Conj           100%       1d8       0%          1
e - Frozen Ramparts       Ice            100%       1d16      1%          3
f - Mephitic Cloud        Conj/Pois/Air  75%        N/A       1%          3
g - Freezing Cloud        Conj/Ice/Air   42%        6-21      1%          5

Your spell library contained the following spells:

 Spells                   Type           Power      Damage    Failure   Level
 Sticky Flame             Conj/Fire      78%        2d9       1%          4
 Apportation              Tloc           68%        N/A       1%          1
 Freeze                   Ice            100%       1d10      1%          1
 Necrotise                Necr           100%       1d9       1%          1
 Summon Small Mammal      Summ           100%       N/A       1%          1
 Passwall                 Tmut/Erth      69%        N/A       1%          2
 Poisonous Vapours        Pois/Air       100%       N/A       1%          2
 Petrify                  Tmut/Erth      83%        N/A       1%          4
 Call Canine Familiar     Summ           34%        N/A       5%          3
 Summon Guardian Golem    Hex/Summ       34%        N/A       5%          3
 Olgreb's Toxic Radiance  Pois           34%        N/A       5%          4
 Discord                  Hex            17%        N/A       100%        8
 Ignition                 Fire           17%        3d7       100%        8

Inventory:

Hand Weapons
 b - a +0 rapier {short}
   (You found it on level 5 of the Dungeon)
 d - a +0 short sword {short}
   (You took it off a kobold on level 1 of the Dungeon)
 s - a +0 dagger of protection {short}
   (You took it off an orc on level 3 of the Dungeon)
 u - a +6 short sword of venom (weapon) {short}
   (You took it off an orc on level 5 of the Dungeon)
 z - a +2 long sword of draining {long}
   (You took it off Maggie on level 6 of the Dungeon)
 A - a +1 spear of flaming {polearm}
   (You took it off a gnoll on level 6 of the Dungeon)
 H - a +0 flail {mace}
   (You took it off a gnoll on level 9 of the Dungeon)
 J - a +0 spear {polearm}
   (You took it off a gnoll on level 9 of the Dungeon)
 K - a +3 vampiric spear {polearm}
   (You took it off a gnoll sergeant on level 9 of the Dungeon)
 T - a +4 trident of protection {polearm}
   (You took it off a gnoll sergeant on level 9 of the Dungeon)
Missiles
 n - 19 poisoned darts {throwing}
 t - 13 boomerangs {throwing}
 I - a throwing net {=f!fthrowing}
Armour
 a - a +1 robe
 w - a +0 pair of gloves (worn)
   (You found it on level 6 of the Dungeon)
 L - a +0 helmet
   (You found it on level 1 of the Lair of Beasts)
 N - +4 steam dragon scales (worn)
   (You found it on level 9 of the Dungeon)
 X - the +2 robe "Basodi" {Harm Fly}
   (You found it on level 4 of the Lair of Beasts)

   Fly:       It grants you flight.
   Harm:      It increases damage dealt and taken.
 Y - a +0 helmet of intelligence (worn)
   (You found it in a Gauntlet)
Jewellery
 f - a ring of resist corrosion
   (You found it on level 4 of the Dungeon)
 j - a ring of protection from cold
   (You found it on level 2 of the Dungeon)
 m - a +6 ring of dexterity
   (You found it on level 4 of the Dungeon)
 q - the ring "Nigugh" (left hand) {EV+5 Int+3 Stlth+}
   (You acquired it on level 4 of the Dungeon)

   [ring of evasion]

   EV+5:      It affects your evasion (+5).
   Int+3:     It affects your intelligence (+3).
   Stlth+:    It makes you more stealthy.
 G - a ring of ice
   (You found it on level 9 of the Dungeon)
 P - a ring of positive energy
   (You found it on level 1 of the Lair of Beasts)
 Q - an amulet of faith {!P}
   (You found it on level 1 of the Lair of Beasts)
 R - a ring of fire
   (You found it on level 2 of the Lair of Beasts)
 Z - the ring of Dishonour (right hand) {MP+9 Int+3 Slay-4}
   (You found it in a Gauntlet)

   [ring of magical power]

   Int+3:     It affects your intelligence (+3).
   Slay-4:    It affects your accuracy & damage with ranged weapons and melee
   (-4).
   MP+9:      It affects your magic capacity (+9).
Wands
 k - a wand of polymorph (10)
   (You found it on level 2 of the Dungeon)
 l - a wand of flame (37)
   (You found it on level 2 of the Dungeon)
 x - a wand of roots (13)
   (You found it on level 6 of the Dungeon)
 O - a wand of charming (3)
   (You found it on level 1 of the Lair of Beasts)
Scrolls
 e - a scroll of immolation {!r!r}
 g - a scroll of revelation
 y - 3 scrolls of teleportation {@r4}
 B - a scroll of blinking {!r}
 C - 3 scrolls of silence {!r}
 F - a scroll of fog
 V - a scroll of fear
Potions
 h - 6 potions of curing {@q1}
 o - a potion of brilliance
 p - 2 potions of attraction {!q}
 v - 2 potions of enlightenment
 D - a potion of resistance
 E - a potion of experience {unknown}
 M - a potion of mutation {unknown}

Dungeon Overview and Level Annotations

Branches:
Dungeon (9/15) Zot: 24346  Temple (1/1) D:4 Zot: 5989    Lair (5/5) D:9 Zot: 25044
  Snake (0/4) Lair:2          Orc (0/2) D:9           Sewer (visited)
Gauntlet (1/1) Zot: 4931
  Swamp: Lair:2-3    Shoals: Lair:2-3     Slime: Lair:4-5

Altars:
Ashenzari
Cheibriados
Dithmenos
Elyvilon
Fedhas
Gozag
Hepliaklqana
Kikubaaqudgha
Makhleb
Nemelex Xobeh
Okawaru
Qazlal
Ru
Sif Muna
Trog
Uskayaw
Vehumet
Wu Jian
Yredelemnul
Zin
The Shining One

Shops:
D:3 (   D:4 [   D:6 :

Annotations:
D:4 Eustachio
D:6 Jeremiah Gauntlet 4 transporters, 1 runed translucent door

≈≈.#########.≈≈#
#≈....#©..8#.≈##
##..8.#...©#.##
#≈....#©..8#.≈#
≈≈.#########.≈≈#
#≈.#..##zzz#.≈##
##.#...##.z#.##
#≈.#.#..##z#.≈#
≈≈.#z #@z#.#.≈≈#
#≈.# ##z..#.≈##
##.# #..#.##
#.#.≈# ##.≈≈
..≈# .## .≈


You could see 2 flying skulls.


Message History

😱 MP[-2]
You lost 2 mp, and now have 15/40 mp.
Unknown command.
Casting: Stone Arrow (safe; 1% risk of failure)
Confirm with . or Enter, or press ? or * to list all spells.
Aiming: Stone Arrow (safe; 1% risk of failure)
Press: ? - help, Shift-Dir - straight line, f/p - flying skull
Aim: a flying skull (almost destroyed, 58% to hit)
You feel a surge of power!
The stone arrow hits the flying skull!!
You destroy the flying skull!
Vehumet accepts your kill.
You feel your power returning. 😱 MP[-1]
You lost 1 mp, and now have 14/40 mp.
Unknown command.
Casting: Stone Arrow (safe; 1% risk of failure)
Confirm with . or Enter, or press ? or * to list all spells.
Aiming: Stone Arrow (safe; 1% risk of failure)
Press: ? - help, Shift-Dir - straight line, f - flying skull
Aim: a flying skull (58% to hit)
You feel a surge of power!
The stone arrow misses the flying skull.
The flying skull misses you. x2 😱 MP[-1]
You lost 1 mp, and now have 13/40 mp.
Unknown command.
Casting: Stone Arrow (safe; 1% risk of failure)
Confirm with . or Enter, or press ? or * to list all spells.
Aiming: Stone Arrow (safe; 1% risk of failure)
Press: ? - help, Shift-Dir - straight line, f/p - flying skull
Aim: a flying skull (58% to hit)
You feel a surge of power!
The stone arrow hits the flying skull!
The flying skull hits you!
* * * LOW HITPOINT WARNING * * *
The flying skull barely misses you. 😱 HP[-6] MP[-2]
You take 6 damage, and now have 7/59 hp.
You lost 2 mp, and now have 11/40 mp.
Unknown command.
You feel much better. The flying skull misses you. The flying skull hits you.
* * * LOW HITPOINT WARNING * * *
😨 HP[+19]
You regained 19 hp, and now have 26/59 hp.
Unknown command.
Casting: Stone Arrow (safe; 1% risk of failure)
Confirm with . or Enter, or press ? or * to list all spells.
Aiming: Stone Arrow (safe; 1% risk of failure)
Press: ? - help, Shift-Dir - straight line, f/p - flying skull
Aim: a flying skull (heavily damaged, 58% to hit)
You feel a surge of power!
The stone arrow misses the flying skull.
The flying skull closely misses you. 😨 MP[-2]
You lost 2 mp, and now have 9/40 mp.
Unknown command.
Casting: Stone Arrow (safe; 1% risk of failure)
Confirm with . or Enter, or press ? or * to list all spells.
Aiming: Stone Arrow (safe; 1% risk of failure)
Press: ? - help, Shift-Dir - straight line, f/p - flying skull
Aim: a flying skull (heavily damaged, 58% to hit)
You feel a surge of power!
The stone arrow misses the flying skull.
The flying skull hits you!
* * * LOW HITPOINT WARNING * * *
The flying skull misses you. 😨 HP[-10] MP[-2]
You take 10 damage, and now have 16/59 hp.
You lost 2 mp, and now have 7/40 mp.
Unknown command.
Casting: Stone Arrow (safe; 1% risk of failure)
Confirm with . or Enter, or press ? or * to list all spells.
Aiming: Stone Arrow (safe; 1% risk of failure)
Press: ? - help, Shift-Dir - straight line, f/p - flying skull
Aim: a flying skull (heavily damaged, 58% to hit)
You feel a surge of power!
The stone arrow hits the flying skull!!
You destroy the flying skull!
Vehumet accepts your kill.
You feel your power returning. The flying skull hits you.
* * * LOW HITPOINT WARNING * * *
The flying skull closely misses you. 😱 HP[-5]
You take 5 damage, and now have 11/59 hp.
Unknown command.
Casting: Stone Arrow (safe; 1% risk of failure)
Confirm with . or Enter, or press ? or * to list all spells.
Aiming: Stone Arrow (safe; 1% risk of failure)
Press: ? - help, Shift-Dir - straight line, f - flying skull
Aim: a flying skull (58% to hit)
You feel a surge of power!
The stone arrow hits the flying skull!
The flying skull hits you!
* * * LOW HITPOINT WARNING * * *
The flying skull completely misses you. 😱 HP[-7] MP[-2]
You take 7 damage, and now have 4/59 hp.
You lost 2 mp, and now have 5/40 mp.
Unknown command.
You feel better. The flying skull hits you.
* * * LOW HITPOINT WARNING * * *
The flying skull hits you!
You die...

Skill      XL: |  1  2  3  4  5  6  7  8  9 10 11 12 |
---------------+-------------------------------------+-----
Earth Magic    | 4 5 6 7 8 9 10 11 12 13 | 13.1
Conjurations   | 2 4 6 7 9 10 11 12 | 12.1
Spellcasting   | 4 7 9 11 12 13 | 13.3
Ice Magic      | 2 5 6 |  6.4
Dodging        | 4 5 |  5.8
Stealth        | 4 6 |  6.2
Air Magic      | 2 4 |  4.1
Transmutations | |  1.1

Action                     |  1- 3 |  4- 6 |  7- 9 | 10-12 || total
---------------------------+-------+-------+-------+-------++-------
  Melee: Short sword       |       |     1 |     5 |    47 ||    53
         Punch             |       |       |       |     3 ||     3
   Cast: Sandblast         |    45 |    44 |    48 |    26 ||   163
         Stone Arrow       |       |    15 |    93 |   194 ||   302
         Brom's Barrelling |       |       |     7 |     9 ||    16
         Frozen Ramparts   |       |       |       |    20 ||    20
         Magic Dart        |       |       |       |    10 ||    10
         Mephitic Cloud    |       |       |       |     9 ||     9
  Evoke: Wand              |       |       |     2 |     8 ||    10
    Use: Scroll            |       |     9 |    10 |     8 ||    27
         Potion            |       |     1 |     2 |     9 ||    12
   Stab: Confused          |       |       |       |     3 ||     3
         Sleeping          |       |       |       |     1 ||     1
 Armour: Robe              |     3 |    12 |    23 |     4 ||    42
         Steam dragon scal |       |       |       |   120 ||   120
  Dodge: Dodged            |     6 |    16 |    26 |   180 ||   228

Levels and vault maps discovered:
D:1:      wander_arrival_lonely_grave, layout_basic
D:2:      layout_rooms, dilly_ecumenical_altar_fadedgnrine
D:3:      layout_basic, nicolae_tso_besieged_by_evil, nzn_wu_jian_council_hall,
          lemuel_coloured_pillars_altar, serial_shops,
          nicolae_shop_just_a_little_nook, uniq_sigmund
D:4:      layout_cave_pods, lemuel_tele_altar, mainiacjoe_overflow_alcove_2,
          minmay_temple_entry_poolview, serial_shops, nicolae_shop_hallway_plus,
          chequers_serial_rivers_marsh, uniq_eustachio
D:5:      layout_gridville
D:6:      layout_basic, serial_shops, nicolae_shop_tiny_glass,
          cheibrodos_sewer_entry_bend, uniq_jeremiah, uniq_maggie
D:7:      layout_cave_pods, serial_glass, glass_columns_a, glass_columns_a
D:8:      layout_basic
D:9:      layout_long_grid, nicolae_overflow_hidden_temple, erik_lair_island,
          kennysheep_orc_monster_closet_entryway, serial_co_window_serial,
          co_window_paths_a, co_window_paths_a, co_window_paths_b,
          co_window_paths_a, co_window_corner_a, co_window_paths_c,
          co_window_2corner, co_window_corner_b, co_window_broadway_c,
          co_window_paths_c, co_window_paths_e, glass_columns_c,
          glass_columns_b, glass_columns_a, glass_columns_c, uniq_joseph
Temple:   minmay_freezing_vapour_temple
Lair:1:   layout_cave_pods
Lair:2:   layout_long_grid, nicolae_snake_entry_squirm, serial_bayou_shore_a,
          grunt_megastairs_5
Lair:3:   layout_chaotic_city, minmay_shoals_entry_lonely_mermaid, basic_altar
Lair:4:   layout_long_grid, gauntlet_entry_generic, hellmonk_talismancer,
          lemuel_fruit_fields, uniq_rupert
Lair:5:   due_jungle_book, layout_big_grid, dpeg_slime_entry_enclosed,
          grunt_megastairs_1, infiniplex_staircase_pool_2, serial_bayou_shore_b
Gauntlet: gammafunk_gauntlet_77_escape_option
          [minmay_gauntlet_arena_77_chump_sandwich,
          minmay_gauntlet_arena_77_box, minmay_gauntlet_arena_77_shame_cube,
          minmay_gauntlet_arena_77_fan, minmay_gauntlet_arena_77_two_lines,
          gauntlet_exit_watery]

Notes
Turn   | Place    | Note
-------+----------+-------------------------------------------
     0 | D:1      | Zonian the Deep Elf Earth Elementalist began the quest for
                  | the Orb.
     0 | D:1      | Reached XP level 1. HP: 10/10 MP: 6/6
     0 | D:1      | magus.rc [v1.9.6]
    64 | D:1      | Reached XP level 2. HP: 15/15 MP: 5/8
    73 | D:1      | Reached skill level 4 in Earth Magic
   387 | D:1      | Reached XP level 3. HP: 19/19 MP: 6/9
   391 | D:1      | Learned a level 3 spell: Stone Arrow
   725 | D:1      | You pick up a book of Cantrips and begin reading...
   725 | D:1      | You add the spells Necrotise, Summon Small Mammal and
                  | Apportation to your library.
   967 | D:2      | Identified the "Hajoanyo"
   971 | D:2      | You add the spells Magic Dart and Freeze to your library.
  1057 | D:2      | Reached skill level 5 in Earth Magic
  1682 | D:2      | Found a faded altar of an unknown god.
  1720 | D:3      | Noticed a black bear
  1923 | D:3      | Reached XP level 4. HP: 24/24 MP: 8/10
  1968 | D:3      | Killed a black bear
  1969 | D:3      | Reached skill level 2 in Conjurations
  1969 | D:3      | Reached XP level 5. HP: 27/28 MP: 1/11
  2114 | D:3      | You pick up a book of Callings and begin reading...
  2114 | D:3      | You add the spells Call Canine Familiar and Summon Guardian
                  | Golem to your library.
  2165 | D:3      | Found an ornate altar of the Wu Jian Council.
  2256 | D:3      | Found a bloodstained altar of Trog.
  2545 | D:3      | Found a glowing golden altar of the Shining One.
  2549 | D:3      | Reached skill level 6 in Earth Magic
  2928 | D:3      | Found Xyimn's Weapon Shoppe.
  3069 | D:3      | Noticed Sigmund
  3071 | D:3      | Killed Sigmund
  3072 | D:3      | Reached skill level 4 in Conjurations
  3072 | D:3      | Reached XP level 6. HP: 21/32 MP: 5/12
  3409 | D:4      | Noticed Eustachio
  3449 | D:4      | Found a snail-covered altar of Cheibriados.
  3510 | D:4      | Found a basalt altar of Yredelemnul.
  3809 | D:4      | Found Oguif's Antique Armour Boutique.
  3826 | D:4      | Found a staircase to the Ecumenical Temple.
  3835 | Temple   | Entered the Ecumenical Temple
  3840 | Temple   | Became a worshipper of Vehumet
  3883 | D:4      | Reached skill level 7 in Earth Magic
  4074 | D:4      | You pick up a book of Cantrips and begin reading...
  4082 | D:4      | Identified a scroll of acquirement
  4082 | D:4      | Identified the of Ufexkekk (You acquired it on level 4 of
                  | the Dungeon)
  4082 | D:4      | Acquired the ring "Nigugh" {EV+5 Int+3 Stlth+}
  4340 | D:5      | Entered Level 5 of the Dungeon
  4439 | D:5      | Noticed an ice beast
  4441 | D:5      | Killed an ice beast
  4442 | D:5      | Reached XP level 7. HP: 36/36 MP: 6/13
  4523 | D:5      | Reached skill level 5 in Conjurations
  4572 | D:5      | Learned a level 4 spell: Brom's Barrelling Boulder
  4794 | D:5      | Reached skill level 4 in Spellcasting
  4990 | D:5      | Reached skill level 8 in Earth Magic
  5593 | D:6      | Reached skill level 6 in Conjurations
  5593 | D:6      | Reached XP level 8. HP: 29/41 MP: 7/17
  5703 | D:6      | Noticed Maggie
  5973 | D:6      | Found a glowing drain.
  5987 | Sewer    | Entered a sewer
  5989 | Sewer    | Reached skill level 5 in Spellcasting
  6124 | Sewer    | Reached * piety under Vehumet
  6124 | Sewer    | Offered knowledge of Kiss of Death by Vehumet.
  6692 | Sewer    | Found a white marble altar of Elyvilon.
  6840 | D:6      | Noticed Jeremiah
  7041 | D:6      | Reached skill level 6 in Spellcasting
  7154 | D:6      | Reached skill level 7 in Conjurations
  7187 | D:6      | HP: 9/41 [Maggie/bolt of fire (32)]
  7196 | D:6      | Killed Maggie
  7197 | D:6      | Reached skill level 9 in Earth Magic
  7313 | D:6      | Reached skill level 7 in Spellcasting
  7370 | D:6      | Learned a level 1 spell: Magic Dart
  7831 | D:6      | Found Zelonk's Book Emporium.
  8094 | D:7      | Reached XP level 9. HP: 45/45 MP: 14/21
  8446 | D:7      | Reached skill level 8 in Conjurations
  9020 | D:7      | Reached skill level 8 in Spellcasting
  9405 | D:7      | Reached skill level 10 in Earth Magic
 10210 | D:8      | Reached skill level 9 in Spellcasting
 10382 | D:8      | Reached skill level 9 in Conjurations
 10530 | D:9      | Noticed Joseph
 10585 | D:9      | Found an iron altar of Okawaru.
 10725 | D:9      | Reached ** piety under Vehumet
 10981 | D:9      | Found a staircase to the Orcish Mines.
 10981 | D:9      | Noticed a troll
 11046 | D:9      | Offered knowledge of Searing Ray by Vehumet.
 11278 | D:9      | Reached XP level 10. HP: 50/50 MP: 23/25
 11701 | D:9      | Found a staircase to the Lair.
 12103 | D:9      | Reached skill level 10 in Spellcasting
 12207 | D:9      | Killed Joseph
 12208 | D:9      | Reached skill level 11 in Earth Magic
 12881 | Lair:1   | Entered Level 1 of the Lair of Beasts
 12949 | Lair:1   | Offered knowledge of Frozen Ramparts by Vehumet.
 12991 | Lair:1   | Reached skill level 10 in Conjurations
 13260 | Lair:1   | Noticed a boulder beetle
 13305 | Lair:1   | Noticed a cane toad
 13309 | Lair:1   | Killed a cane toad
 13425 | Lair:1   | Learned a level 3 spell: Frozen Ramparts
 13452 | Lair:1   | Killed a boulder beetle
 13453 | Lair:1   | Reached skill level 11 in Spellcasting
 13453 | Lair:1   | Reached skill level 1 in Ice Magic
 13594 | Lair:1   | Reached skill level 2 in Ice Magic
 13598 | Lair:1   | Reached *** piety under Vehumet
 13838 | Lair:1   | HP: 12/50 [yak (8)]
 13840 | Lair:1   | Reached XP level 11. HP: 13/54 MP: 3/28
 13841 | Lair:1   | Reached skill level 3 in Ice Magic
 14123 | Lair:1   | Noticed a death yak
 14123 | Lair:1   | Noticed a death yak
 14211 | Lair:1   | Reached skill level 12 in Earth Magic
 14663 | Lair:1   | Noticed a death yak
 15051 | Lair:2   | You add the spells Olgreb's Toxic Radiance, Ignition and
                  | Discord to your library.
 15183 | Lair:2   | Reached skill level 11 in Conjurations
 15300 | Lair:2   | Reached skill level 12 in Spellcasting
 15307 | Lair:2   | Reached skill level 4 in Ice Magic
 15701 | D:6      | Bought a book of Vapours for 364 gold pieces
 15701 | D:6      | You pick up a book of Vapours and begin reading...
 15701 | D:6      | You add the spells Poisonous Vapours, Mephitic Cloud and
                  | Freezing Cloud to your library.
 15705 | D:6      | Learned a level 3 spell: Mephitic Cloud
 15711 | D:6      | Learned a level 5 spell: Freezing Cloud
 15859 | Lair:1   | Noticed a death yak
 16025 | Lair:2   | Noticed a boulder beetle
 16038 | Lair:2   | Killed a boulder beetle
 16230 | Lair:2   | Reached skill level 3 in Dodging
 16230 | Lair:2   | Reached skill level 3 in Stealth
 16230 | Lair:2   | Reached skill level 1 in Air Magic
 16442 | Lair:1   | Noticed a death yak
 16484 | Lair:1   | Noticed a death yak
 16893 | Lair:2   | Reached skill level 4 in Stealth
 16893 | Lair:2   | Reached skill level 5 in Ice Magic
 16893 | Lair:2   | Reached skill level 2 in Air Magic
 17275 | Lair:2   | Reached skill level 4 in Dodging
 17331 | Lair:2   | Found a staircase to the Snake Pit.
 17422 | Lair:3   | Noticed a seven-headed hydra
 17476 | Lair:3   | Offered knowledge of Sticky Flame by Vehumet.
 17694 | Lair:3   | Reached XP level 12. HP: 33/59 MP: 24/30
 17893 | Lair:3   | Noticed a death yak
 17893 | Lair:3   | Noticed a death yak
 17907 | Lair:3   | You fall into a shaft and drop 2 floors!
 17907 | Lair:5   | Entered Level 5 of the Lair of Beasts
 17907 | Lair:5   | Noticed a seven-headed hydra
 17916 | Lair:5   | Noticed an eight-headed hydra
 17961 | Lair:4   | Reached skill level 5 in Stealth
 17988 | Lair:4   | Reached skill level 3 in Air Magic
 18101 | Lair:4   | Found a gate leading to a gauntlet.
 18108 | Lair:4   | Identified the +2 robe "Basodi" {Harm Fly}
 18113 | Gauntlet | Entered a Gauntlet
 18113 | Gauntlet | Found a transporter.
 18133 | Gauntlet | Found a transporter.
 18134 | Gauntlet | Found a transporter.
 18161 | Gauntlet | Found a transporter.
 18169 | Gauntlet | HP: 9/59 [something (12)]
 18356 | Gauntlet | Reached skill level 5 in Dodging
 18359 | Gauntlet | Reached skill level 13 in Spellcasting
 18454 | Gauntlet | Found a transporter.
 18455 | Gauntlet | Found a transporter.
 18455 | Gauntlet | Found a transporter.
 18470 | Gauntlet | Found a runed translucent door.
 18470 | Gauntlet | Found a runed translucent door.
 18481 | Gauntlet | Found a transporter.
 18482 | Gauntlet | Found a transporter.
 18482 | Gauntlet | Found a transporter.
 18486 | Gauntlet | Reached skill level 6 in Ice Magic
 18752 | Gauntlet | Identified the ring of Dishonour {MP+9 Int+3 Slay-4}
 18894 | Gauntlet | Found a transporter.
 18894 | Gauntlet | Found a transporter.
 18898 | Gauntlet | HP: 13/59 [small abomination (14)]
 18901 | Gauntlet | Reached skill level 13 in Earth Magic
 18914 | Gauntlet | Reached skill level 12 in Conjurations
 19137 | Gauntlet | Found a transporter.
 19162 | Gauntlet | HP: 11/59 [flying skull (8)]
 19166 | Gauntlet | Reached skill level 6 in Stealth
 19170 | Gauntlet | Reached **** piety under Vehumet
 19174 | Gauntlet | Reached skill level 4 in Air Magic
 19176 | Gauntlet | HP: 12/59 [flying skull (7)]
 19182 | Gauntlet | HP: 7/59 [flying skull (7)]
 19187 | Gauntlet | HP: 4/59 [flying skull (8)]
 19188 | Gauntlet | Slain by a flying skull

Vanquished Creatures
  2 boulder beetles
  A thrashing horror (Gauntlet)
  2 fire crabs (Gauntlet)
  Joseph (D:9)
  A black mamba (Lair:2)
  6 cane toads
  Maggie (D:6)
  3 rime drakes
  5 komodo dragons
  A troll (D:9)
  A polar bear (Lair:1)
  5 blink frogs (Lair:3)
  Sigmund (D:3)
  15 flying skulls (Gauntlet)
  3 wyverns
  19 yaks
  6 fire bats (Gauntlet)
  A basilisk (Lair:2)
  2 small abominations (Gauntlet)
  A steam dragon (D:9)
  3 nagas (Lair:2)
  8 water moccasins
  4 orc warriors
  3 ice beasts
  2 black bears
  A sky beast (D:6)
  3 ogres
  2 centaurs
  8 wolves
  A phantom (D:5)
  12 bullfrogs
  2 kobold brigands (Sewer)
  3 gnoll sergeants (D:9)
  3 scorpions
  8 killer bees (D:7)
  3 electric eels
  4 orc priests
  7 hounds
  A jelly (D:5)
  4 iguanas
  2 sleepcaps
  4 orc wizards
  15 gnolls
  A river rat (Sewer)
  5 adders
  2 shadow imps
  3 white imps
  2 ufetubi (D:6)
  5 worms
  6 dart slugs
  25 orcs
  7 bats
  9 endoplasms
  3 giant cockroaches
  8 hobgoblins
  4 jackals (Sewer)
  5 quokkas
  5 ball pythons
  A frilled lizard (D:3)
  2 goblins
  A goblin zombie (D:3)
  A hobgoblin zombie (D:3)
  4 kobolds
  2 kobold skeletons (D:3)
  An orc skeleton (D:3)
  An orc zombie (D:3)
  5 rats
288 creatures vanquished.

Vanquished Creatures (collateral kills)
  4 boulders
4 creatures vanquished.

Vanquished Creatures (others)
  8 boulders
8 creatures vanquished.

Grand Total: 300 creatures vanquished

Table legend:
 A = Non-vault XP
 B = Vault XP
 C = Vault XP percentage of total XP
 D = Non-vault monster count
 E = Vault monster count
 F = Vault count percentage of total count
                 A         B        C        D         E       F
            +---------+---------+-------+---------+---------+-------
      Total |   20439 |   10520 |  34.0 |     222 |      66 |  22.9
            +---------+---------+-------+---------+---------+-------
        D:1 |      56 |       0 |   0.0 |      20 |       0 |   0.0
        D:2 |      36 |       0 |   0.0 |      12 |       0 |   0.0
        D:3 |     180 |     255 |  58.6 |      20 |       8 |  28.6
        D:4 |     100 |       0 |   0.0 |      12 |       0 |   0.0
        D:5 |     739 |       0 |   0.0 |      17 |       0 |   0.0
        D:6 |     776 |     399 |  34.0 |      16 |       3 |  15.8
        D:7 |    1624 |       0 |   0.0 |      24 |       0 |   0.0
        D:8 |     427 |       0 |   0.0 |       9 |       0 |   0.0
        D:9 |    1313 |    1361 |  50.9 |      27 |      13 |  32.5
     Lair:1 |    5307 |       0 |   0.0 |      27 |       0 |   0.0
     Lair:2 |    5894 |    1087 |  15.6 |      23 |       5 |  17.9
     Lair:3 |    2698 |       0 |   0.0 |      10 |       0 |   0.0
     Lair:4 |     908 |       0 |   0.0 |       4 |       0 |   0.0
     Lair:5 |     381 |       0 |   0.0 |       1 |       0 |   0.0
      Sewer |       0 |     210 | 100.0 |       0 |      11 | 100.0
   Gauntlet |       0 |    7208 | 100.0 |       0 |      26 | 100.0
            +---------+---------+-------+---------+---------+-------

Skill      XL: |  1  2  3  4  5  6  7  8  9 10 11 12 |
---------------+-------------------------------------+-----
Earth Magic    | 4 5 6 7 8 9 10 11 12 13 | 13.1
Conjurations   | 2 4 6 7 9 10 11 12 | 12.1
Spellcasting   | 4 7 9 11 12 13 | 13.3
Ice Magic      | 2 5 6 |  6.4
Dodging        | 4 5 |  5.8
Stealth        | 4 6 |  6.2
Air Magic      | 2 4 |  4.1
Transmutations | |  1.1

Action                     |  1- 3 |  4- 6 |  7- 9 | 10-12 || total
---------------------------+-------+-------+-------+-------++-------
  Melee: Short sword       |       |     1 |     5 |    47 ||    53
         Punch             |       |       |       |     3 ||     3
   Cast: Sandblast         |    45 |    44 |    48 |    26 ||   163
         Stone Arrow       |       |    15 |    93 |   194 ||   302
         Brom's Barrelling |       |       |     7 |     9 ||    16
         Frozen Ramparts   |       |       |       |    20 ||    20
         Magic Dart        |       |       |       |    10 ||    10
         Mephitic Cloud    |       |       |       |     9 ||     9
  Evoke: Wand              |       |       |     2 |     8 ||    10
    Use: Scroll            |       |     9 |    10 |     8 ||    27
         Potion            |       |     1 |     2 |     9 ||    12
   Stab: Confused          |       |       |       |     3 ||     3
         Sleeping          |       |       |       |     1 ||     1
 Armour: Robe              |     3 |    12 |    23 |     4 ||    42
         Steam dragon scal |       |       |       |   120 ||   120
  Dodge: Dodged            |     6 |    16 |    26 |   180 ||   228

Illustrated notes

Table legend:
 A = Kills in this place as a percentage of kills in the entire game.
 B = Kills by you in this place as a percentage of kills by you in the entire game.
 C = Kills by friends in this place as a percentage of kills by friends in the entire game.
 D = Other kills in this place as a percentage of other kills in the entire game.
 E = Experience gained in this place as a percentage of experience gained in the entire game.
 F = Experience gained in this place divided by the number of levels of this place that you have seen.
                   A       B       C       D       E      F
               +-------+-------+-------+-------+-------+----------------------
         Total | 100.0 | 100.0 |   N/A | 100.0 | 100.0 | 1821.1
       Dungeon |  62.8 |  63.1 |   N/A |   0.0 |  23.5 | 807.3
          Lair |  24.3 |  24.0 |   N/A | 100.0 |  52.6 | 3255.0
         Sewer |   3.8 |   3.8 |   N/A |   0.0 |   0.7 | 210.0
      Gauntlet |   9.0 |   9.1 |   N/A |   0.0 |  23.3 | 7208.0
               +-------+-------+-------+-------+-------+----------------------

Table legend: (Time is in decaauts)
 A = Elapsed time spent in this place.
 B = Non-inter-level travel time spent in this place.
 C = Inter-level travel time spent in this place.
 D = Time resting spent in this place.
 E = Time spent auto-exploring this place.
 F = Levels seen in this place.
 G = Mean time per level.
                   A        B        C        D        E       F      G
               +--------+--------+--------+--------+--------+-----+--------+
         Total |  19346 |  18695 |    651 |   6400 |   8222 |  17 | 1138.0 |
       Dungeon |  12489 |  11945 |    544 |   2988 |   6732 |   9 | 1387.7 |
        Temple |     10 |     10 |      0 |      0 |      0 |   1 |   10.0 |
          Lair |   4955 |   4849 |    106 |   2113 |   1279 |   5 |  991.0 |
         Sewer |    823 |    823 |      0 |    440 |    210 |   1 |  823.0 |
      Gauntlet |   1067 |   1067 |      0 |    859 |      0 |   1 | 1067.0 |
               +--------+--------+--------+--------+--------+-----+--------+

Top non-repeatable levels by time:
     D:9: 2460 daAuts
  Lair:1: 2373 daAuts
  Lair:2: 1905 daAuts
     D:7: 1712 daAuts
     D:5: 1680 daAuts
     D:6: 1482 daAuts
     D:3: 1334 daAuts
     D:4: 1103 daAuts
Gauntlet: 1067 daAuts
     D:1: 978 daAuts
     D:2: 957 daAuts
   Sewer: 823 daAuts
     D:8: 779 daAuts
  Lair:3: 489 daAuts
  Lair:4: 170 daAuts
